Map: [ESL] Moondance

Players

Bunny - Winner!

  • Race: Terran Terran
  • Spawn Location: 6:00

SpeCial

  • Race: Terran Terran
  • Spawn Location: 12:00

Event: DreamHack SC2 Masters 2022 Valencia

VOD

Have the link to the VOD?

Description

Time

  • Played on: July 1, 2022, 2:02 p.m.
  • Length: 5:24

All games in this series

Show
View Real Time Build Order
Export as new Build Order

Bunny Terran - Winner!

Build Orders:  

Get SALT Encoding   

  12  0:00  SCV  
  13  0:12  SCV  
  14  0:16  Supply Depot  
  14  0:24  SCV  
  15  0:38  SCV  
  15  0:39  Barracks  
  16  0:42  Refinery  
  16  0:50  SCV  
  16  0:52  Refinery  
  17  1:02  SCV  
  18  1:14  SCV  
  19  1:27  Orbital Command, Reaper  
  19  1:31  Supply Depot  
  20  1:42  Factory  
  20  1:53  SCV  
  21  1:59  Reaper  
  22  2:05  SCV  
  23  2:19  Command Center  
  23  2:21  SCV  
  24  2:27  Hellion  
  26  2:31  Reaper  
  26  2:34  SCV  
  28  2:37  Supply Depot  
  28  2:46  SCV  
  28  2:48  Hellion  
  31  2:54  Starport  
  31  2:58  SCV  
  31  3:04  Barracks Reactor  
  32  3:10  Factory Tech Lab  
  32  3:11  SCV  
  33  3:17  Refinery  
  33  3:23  SCV  
  34  3:30  Siege Tank  
  34  3:31  Medivac  
  39  3:34  Orbital Command  
  39  3:35  SCV  
  39  3:40  Marine x2  
  42  3:47  SCV  
  43  3:58  Marine x2  
  43  3:59  SCV, Supply Depot  
  43  4:00  SCV  
  43  4:01  Starport Tech Lab  
  47  4:07  Siege Tank  
  50  4:16  Marine x2  
  50  4:17  SCV x2  
  54  4:20  Raven  
  56  4:34  Marine  
  56  4:36  SCV x2  
  60  4:40  Supply Depot  
  60  4:43  Siege Tank  
  62  4:53  Command Center  
  62  4:56  Refinery  
  62  4:57  Supply Depot  
  62  5:02  SCV x2, Marine  
  65  5:08  Supply Depot  
Show
View Real Time Build Order
Export as new Build Order

SpeCial Terran 

Build Orders:  

Get SALT Encoding   

  12  0:00  SCV  
  13  0:12  SCV  
  14  0:17  Supply Depot  
  14  0:24  SCV  
  15  0:38  SCV  
  15  0:40  Barracks  
  16  0:43  Refinery  
  16  0:50  SCV  
  16  0:52  Refinery  
  17  1:03  SCV  
  18  1:15  SCV  
  19  1:27  Orbital Command, Reaper  
  19  1:32  Supply Depot  
  20  1:42  Factory  
  20  1:53  SCV  
  21  1:59  Reaper  
  22  2:05  SCV  
  23  2:17  SCV  
  24  2:24  Command Center  
  24  2:29  Hellion  
  26  2:31  SCV  
  26  2:33  Reaper  
  28  2:41  Supply Depot  
  28  2:43  SCV  
  29  2:50  Starport  
  29  2:54  Hellion  
  31  3:02  SCV  
  32  3:07  Barracks Tech Lab  
  32  3:14  SCV  
  32  3:15  Factory Tech Lab  
  33  3:21  Refinery  
  33  3:27  SCV  
  34  3:33  Raven  
  36  3:36  Orbital Command  
  36  3:39  SCV  
  37  3:46  Cyclone  
  40  3:51  SCV  
  41  3:58  Command Center  
  41  4:02  SCV  
  42  4:03  SCV  
  43  4:14  SCV  
  43  4:15  SCV  
  43  4:16  Raven  
  47  4:19  Supply Depot  
  47  4:26  SCV, Cyclone  
  47  4:27  Marine  
  47  4:30  SCV  
  53  4:38  SCV  
  54  4:42  SCV  
  54  4:44  Marine  
  54  4:45  Refinery  
  56  4:50  SCV  
  57  4:54  SCV  
  61  5:00  Supply Depot  
  61  5:02  SCV  
  62  5:09  SCV  
  62  5:10  SCV  

Tags
 
Add a new tag
Caveats
  • Supply blocks, unpowered buildings, or Contaminate may cause inaccurate times.
  • Supply counts are checked every 10 seconds.